 Dungeon Crawl Stone Soup version 0.28.0-53-g5a82cb258f (webtiles) character file.

Game seed: 3660389396186493921

581 Zeld the Ruffian (level 7, -9/56 HPs)
             Began as a Grey Draconian Transmuter on May 21, 2022.
             Killed by nerve-wracking pain
             ... invoked by Grinder
              (11 damage)
             ... on level 4 of the Dungeon.
             The game lasted 00:05:09 (5583 turns).

Zeld the Ruffian (Grey Draconian Transmuter)        Turns: 5583, Time: 00:05:10

Health: -9/56      AC:  2    Str: 14    XL:     7   Next: 13%
Magic:  11/12      EV: 20    Int: 14    God:
Gold:   262        SH:  0    Dex: 16    Spells: 3/13 levels left

rFire   . . .      SeeInvis .     - Unarmed
rCold   . . .      Faith    .   (shield currently unavailable)
rNeg    . . .      Spirit   .   (armour unavailable)
rPois   x          Reflect  .   (helmet currently unavailable)
rElec   +          Harm     .   (cloak currently unavailable)
rCorr   .          Rampage  .   (gloves currently unavailable)
Will    .....                   (boots currently unavailable)
Stlth   +.........              c - amulet of the Air {Inacc Air Fly rElec RMsl}
HPRegen 0.18/turn               h - ring of wizardry
MPRegen 0.13/turn               (no ring)

@: spider-form (expiring), flying, repel missiles
A: venomous fangs, AC +11, (amphibious), tiny, unfitting armour, (cold-blooded)
a: End Transformation


You were on level 4 of the Dungeon.
You were a venomous arachnid creature.
You visited 1 branch of the dungeon, and saw 4 of its levels.

You collected 262 gold pieces.

Inventory:

Jewellery
 c - the amulet of the Air (around neck) {Inacc Air Fly rElec RMsl}
   (You found it on level 2 of the Dungeon)

   [amulet of nothing]

   It reduces the accuracy of all your attacks.
   It enhances your air magic.
   rElec:     It insulates you from electricity.
   Fly:       It grants you flight.
   RMsl:      It protects you from missiles.
 h - a ring of wizardry (left front leg)
Scrolls
 a - 2 scrolls of magic mapping {unknown}
 b - a scroll of enchant armour {unknown}
 f - a scroll of brand weapon {unknown}
 g - a scroll of amnesia {unknown}
 j - a scroll of identify {unknown}
Potions
 d - a potion of curing {unknown}
 e - a potion of mutation {unknown}
 i - a potion of degeneration {unknown}


   Skills:
 + Level 2.5 Fighting
 + Level 2.9 Dodging
 * Level 4.5 Unarmed Combat
 * Level 3.6 Spellcasting
 * Level 3.8 Transmutations
 - Level 2.0 Ice Magic
 - Level 2.0 Poison Magic


You had 3 spell levels left.
You knew the following spells:

 Your Spells              Type           Power      Damage    Failure   Level
a - Beastly Appendage     Tmut           26%        N/A       5%          1
b - Wereblood             Tmut           13%        N/A       7%          2
c - Spider Form           Tmut/Pois      10%        N/A       16%         3
d - Ice Form              Ice/Tmut       10%        N/A       38%         4

Your spell library contained the following spells:

 Spells                   Type           Power      Damage    Failure   Level
 Poisonous Vapours        Pois/Air       16%        N/A       17%         2
 Corpse Rot               Necr/Air       6%         N/A       24%         2


Dungeon Overview and Level Annotations

Branches:
Dungeon (4/15)
 Temple: D:4-7

Altars:
Ashenzari
Elyvilon
Kikubaaqudgha
Makhleb
Ru
Trog
Yredelemnul

Shops:
D:2 =

Annotations:
D:4 Grinder


Innate Abilities, Weirdness & Mutations

You are a venomous arachnid creature.
You have poisonous fangs.
You are tiny and dextrous.
Your spellcasting is less reliable in this form.
Your armour is entirely melded.
You are incapable of wielding weapons or throwing items.
((Your dull iron-grey scales are very hard. (AC +11)))
((You are amphibious.))
You cannot fit into any form of body armour.
((You are cold-blooded and may be slowed by cold attacks.))


Message History

The hound bites you. The hound misses you.
There is an escape hatch in the floor here.
The hound closely misses you.
You completely miss the hound. The hound completely misses you.
You closely miss the hound. The hound bites you. x2
You bite the hound!
The hound is heavily wounded.
The hound completely misses you.
You hit the hound.
The hound is poisoned.
The hound is severely wounded.
Grinder hits you.
You writhe in agony.
The hound bites you but does no damage.
You barely miss the hound.
The hound is almost dead.
The hound barely misses you. Grinder hits you. The hound bites you.
You hit Grinder.
Grinder is poisoned.
Grinder is moderately wounded.
You kill the hound!
Grinder closely misses you.
You closely miss Grinder.
Grinder is heavily wounded.
Your transformation is almost over.
Grinder hits you.
You writhe in agony.
You closely miss Grinder.
Grinder is heavily wounded.
Grinder hits you.
* * * LOW HITPOINT WARNING * * *
You writhe in agony.
* * * LOW HITPOINT WARNING * * *
You closely miss Grinder.
Grinder is heavily wounded.
Grinder hits you!
* * * LOW HITPOINT WARNING * * *
Unknown command.
Unknown command.
Unknown command.
Unknown command.
Grinder gestures at you. Pain shoots through your body!
You die...

#........ ...... #.>.....
.... #...... .... ##....
##... #..### #...# ##)##
#######...# #..# ..........#
###..# .....>...s# ##....#
..........# ##.....#
.........5# #......#
>.......>.# ##......# #
.........## #.......# # #.
##.......# ##.......####
#.###.......# ###............
#..#.......####..............
#.#.......###..........####.


You could see Grinder (poisoned).

Vanquished Creatures
  An ogre (D:4)
  A centaur (D:4)
  2 scorpions (D:4)
  2 hounds (D:4)
  An orc wizard (D:3)
  A hound skeleton (D:4)
  7 adders
  A gnoll (D:1)
  A howler monkey skeleton (D:4)
  5 dart slugs
  6 worms
  7 orcs
  7 ball pythons
  7 endoplasms
  6 giant cockroaches
  9 goblins
  3 hobgoblins
  4 quokkas
  12 bats
  4 frilled lizards
  3 kobolds
  7 rats
97 creatures vanquished.

Notes
Turn   | Place    | Note
-------+----------+-------------------------------------------
     0 | D:1      | Zeld the Draconian Transmuter began the quest for the Orb.
     0 | D:1      | Reached XP level 1. HP: 16/16 MP: 3/3
   200 | D:1      | Reached XP level 2. HP: 20/23 MP: 3/5
   203 | D:1      | Learned a level 2 spell: Wereblood
   854 | D:1      | Found a faded altar of an unknown god.
  1103 | D:1      | Reached XP level 3. HP: 25/28 MP: 4/6
  1107 | D:1      | Learned a level 3 spell: Spider Form
  1888 | D:2      | Reached skill level 1 in Poison Magic
  1976 | D:2      | Found Owaalene's Jewellery Shop.
  2186 | D:2      | Reached XP level 4. HP: 19/35 MP: 5/7
  2604 | D:2      | Found the amulet of the Air {Inacc Air Fly rElec RMsl}
  2863 | D:3      | Reached skill level 1 in Ice Magic
  3437 | D:3      | Reached XP level 5. HP: 41/41 MP: 7/9
  3872 | D:3      | Noticed a moth of wrath
  3877 | D:3      | Found a bloodstained altar of Trog.
  4468 | D:4      | Found an ancient bone altar of Kikubaaqudgha.
  4808 | D:4      | Reached skill level 4 in Unarmed Combat
  4808 | D:4      | Reached XP level 6. HP: 48/48 MP: 6/10
  4813 | D:4      | Learned a level 4 spell: Ice Form
  4849 | D:4      | Found a white marble altar of Elyvilon.
  4850 | D:4      | Found a sacrificial altar of Ru.
  4852 | D:4      | Found a broken altar of Ashenzari.
  4854 | D:4      | Found a basalt altar of Yredelemnul.
  4856 | D:4      | Found a burning altar of Makhleb.
  5486 | D:4      | Your scales start taking on a dull iron-grey colour.
  5486 | D:4      | Reached XP level 7. HP: 48/56 MP: 8/12
  5562 | D:4      | Noticed Grinder
  5580 | D:4      | HP: 1/56 [Grinder (9)]
  5583 | D:4      | Killed from afar by Grinder

Illustrated notes

Levels and vault maps discovered:
D:1:      minmay_arrival_semitransparent, layout_basic,
          ebering_ecumenical_altar_hall
D:2:      layout_basic, serial_shops, shop, grunt_ministairs_10
D:3:      layout_loops_ring, tgw_trog, serial_glass, glass_columns_a,
          glass_columns_b
D:4:      layout_cave_pods, amcnicky_altar_gilded, grunt_temple_overflow_open,
          uniq_grinder

Skill      XL: |  1  2  3  4  5  6 |
---------------+-------------------+-----
Dodging        | 2 |  2.9
Poison Magic   | 1 2 |  2.0
Ice Magic      | 1 2 |  2.0
Transmutations | 3 |  3.8
Fighting       | 2 |  2.5
Spellcasting   | 3 |  3.6
Unarmed Combat | 4 |  4.5

Action                   |  1- 3 |  4- 6 |  7- 9 || total
-------------------------+-------+-------+-------++-------
Melee: Unarmed           |   150 |   221 |    12 ||   383
       Headbutt          |    11 |     7 |       ||    18
       Kick              |    17 |    10 |       ||    27
       Tailslap          |     8 |     9 |       ||    17
       Punch             |     3 |       |       ||     3
 Cast: Beastly Appendage |    30 |    22 |       ||    52
       Spider Form       |     2 |    16 |     1 ||    19
 Stab: Sleeping          |     2 |       |       ||     2
Armor: Skin              |    69 |    40 |     1 ||   110
Dodge: Dodged            |   141 |   178 |     6 ||   325
